 Dungeon Crawl Stone Soup version 0.29.0-11-gd7f09526c8 (webtiles) character file.

Game seed: 9766930267372989027

24 avis the Caller (level 2, -12/12 HPs)
             Began as a Felid Summoner on Sept 3, 2022.
             Mangled by a gnoll
             ... wielding a +0 whip of electrocution
              (16 damage)
             ... on level 1 of the Dungeon.
             The game lasted 00:08:41 (1641 turns).

avis the Caller (Felid Summoner)                    Turns: 1641, Time: 00:08:43

Health: -12/12     AC:  1    Str:  4    XL:     2   Next: 79%
Magic:  1/6        EV: 17    Int: 16    God:
Gold:   88         SH:  0    Dex: 16    Spells: 3/6 levels left
                                        Lives:  0   Deaths: 0

rFire   . . .      SeeInvis +   (weapon unavailable)
rCold   . . .      Faith    .   (shield unavailable)
rNeg    . . .      Spirit   .   (body armour unavailable)
rPois   .          Reflect  .   (helmet unavailable)
rElec   .          Harm     .   (cloak unavailable)
rCorr   .          Rampage  .   (gloves unavailable)
Will    +....                   (boots unavailable)
Stlth   ++........              (no amulet)
HPRegen 0.04/turn               h - ring of willpower
MPRegen 0.10/turn               (no ring)

@: quick
A: very small, claws 1, fangs 3, see invisible, speed 1, shaggy fur 1, stealthy
paws, no weapons or thrown items, no armour, multi-lived
a: no special abilities


You were on level 1 of the Dungeon.
You visited 1 branch of the dungeon, and saw 1 of its levels.

You collected 88 gold pieces.

Inventory:

Jewellery
 h - a ring of willpower (left paw)
Scrolls
 c - a scroll of immolation {unknown}
 d - a scroll of noise {unknown}
 f - a scroll of identify {unknown}
 g - 2 scrolls of enchant weapon {unknown}
 k - a scroll of blinking {unknown}
Potions
 a - a potion of magic
 b - a potion of degeneration {unknown}
 e - a potion of heal wounds {unknown}
 i - a potion of ambrosia {unknown}
 j - 2 potions of brilliance {unknown}
 l - 2 potions of curing {unknown}


   Skills:
 - Level 1.0 Fighting
 - Level 2.6 Dodging
 - Level 2.6 Stealth
 + Level 0.1 Unarmed Combat
 * Level 2.6 Spellcasting
 + Level 4.2 Summonings


You had 3 spell levels left.
You knew the following spells:

 Your Spells              Type           Power      Damage    Failure   Level
a - Summon Small Mammal   Summ           60%        N/A       3%          1
c - Call Imp              Summ           15%        N/A       5%          2

Your spell library contained the following spells:

 Spells                   Type           Power      Damage    Failure   Level
 Call Canine Familiar     Summ           15%        N/A       11%         3
 Summon Guardian Golem    Hex/Summ       8%         N/A       24%         3
 Summon Lightning Spire   Summ/Air       8%         N/A       63%         4


Dungeon Overview and Level Annotations

Branches:
Dungeon (1/15)

Altars:


Innate Abilities, Weirdness & Mutations

You have sharp claws.
You have razor-sharp teeth.
You have supernaturally acute eyesight. (SInv)
You cover ground quickly. (Speed+)
You are covered in fur. (AC +1)
Your paws help you pounce on unaware monsters.
You are incapable of wielding weapons or throwing items.
You cannot wear armour.
You gain extra lives every three experience levels.


Message History

The gnoll shouts!
You hear an angry hiss.
You hear a shout!
The kobold shouts!
You hear an angry hiss.
You hear a shout!
The endoplasm quivers.
You swap places.
Casting: Call Imp (safe; 5% risk of failure)
Confirm with . or Enter, or press ? or * to list all spells.
Your crimson imp disappears in a puff of smoke!
Casting: Summon Small Mammal (safe; 3% risk of failure)
Confirm with . or Enter, or press ? or * to list all spells.
A kobold comes into view. It is wielding a +0 short sword.
You swap places.
Your rat misses the gnoll.
The gnoll hits your rat with a +0 whip of electrocution!
Lightning courses through your rat!
Your rat dies!
Your rat's corpse disappears in a puff of smoke!
The gnoll misses your quokka. The kobold barely misses your quokka.
Your quokka bites the gnoll.
The gnoll hits your quokka with a +0 whip of electrocution.
Your quokka bites the gnoll.
The kobold hits your quokka with a +0 club.
Your quokka dies!
Your quokka's corpse disappears in a puff of smoke!
There is an open door here.
Casting: Summon Small Mammal (safe; 3% risk of failure)
Confirm with . or Enter, or press ? or * to list all spells.
A beastly little devil appears in a puff of flame.
Casting: Call Imp (safe; 5% risk of failure)
Confirm with . or Enter, or press ? or * to list all spells.
Casting: Summon Small Mammal (safe; 3% risk of failure)
Confirm with . or Enter, or press ? or * to list all spells.
Your crimson imp blinks!
Your quokka barely misses the gnoll.
You scratch the gnoll but do no damage.
The gnoll is moderately wounded.
The gnoll hits you with a +0 whip of electrocution!
Ouch! That really hurt!
You are electrocuted!
Ouch! That really hurt!
You die...

#.........# #'#######§# ### #.##
####.# #####.## ####
...###....####......## #####...
....##'##............#####.....##
...##...##..##.##..........###..#
#.##.....##.##.###..####...#$#...
#'#.......#+##.###r.####.###.###.
#.##.....##.##..@gr.##...#..K #.
...##...##...#####K###.###.# ##
.⌠..##'##..⌠..+.#...#...K..#
...##...##...##........###.# ##
#.##.....##.###..........#.J. #.
''+.......''##...........###.###.
#.##.....##.##.............#$#...
...##...##...##.........##.###..#
.⌠..##'##..⌠..+.......#.##......#


You could see a gnoll (ally target), a kobold, a friendly quokka (summoned) and
a friendly rat (summoned).

Vanquished Creatures
  A dart slug (D:1)
  A bat (D:1)
  A jackal (D:1)
  A ball python (D:1)
  2 rats (D:1)
6 creatures vanquished.

Vanquished Creatures (collateral kills)
  An endoplasm (D:1)
  A goblin (D:1)
  A hobgoblin (D:1)
  2 jackals (D:1)
  2 quokkas (D:1)
  3 ball pythons (D:1)
  A bat (D:1)
  A frilled lizard (D:1)
  A kobold (D:1)
  2 rats (D:1)
15 creatures vanquished.

Grand Total: 21 creatures vanquished

Notes
Turn   | Place    | Note
-------+----------+-------------------------------------------
     0 | D:1      | avis the Felid Summoner began the quest for the Orb.
     0 | D:1      | Reached XP level 1. HP: 7/7 MP: 4/4
   514 | D:1      | Reached XP level 2. HP: 5/12 MP: 0/6
   517 | D:1      | Learned a level 2 spell: Call Imp
  1243 | D:1      | Reached skill level 1 in Fighting
  1641 | D:1      | Mangled by a gnoll

Illustrated notes

Levels and vault maps discovered:
D:1:      dpeg_arrival_simpleton_b, layout_loops_corners, nicolae_hexahallways,
          minmay_quantized

Skill      XL: |  1  2 |
---------------+-------+-----
Fighting       | 1 |  1.0
Dodging        | |  2.6
Stealth        | |  2.6
Unarmed Combat | |  0.1
Spellcasting   | |  2.6
Summonings     | |  4.2

Action                   || total
-------------------------++-------
Melee: Unarmed           ||    27
       Bite              ||     1
 Cast: Summon Small Mamm ||    26
       Call Imp          ||    10
 Stab: Sleeping          ||     2
Armor: Skin              ||     1
Dodge: Dodged            ||    29
